[Event "January 2 Late 2024"]
[Site "https://www.chess.com"]
[Date "2024.01.02"]
[Round "1"]
[White "Ehlvest, Jaan"]
[Black "Bazzano, Sebastian"]
[Result "1-0"]
[Board "173"]
[TimeControl "180+1"]
[WhiteFideId "4500016"]
[BlackFideId "104566"]
[WhiteElo "2617"]
[BlackElo "2292"]
[WhiteTeam "USA"]
[BlackTeam "ARG"]
[WhiteClock "0:01:38"]
[BlackClock "0:00:00"]

1. e4 e6 2. Qe2 c5 3. g3 Nc6 4. Bg2 g6 5. Nf3 Bg7 6. d3 Nge7 7. O-O d6 8. c3 O-O 9. a3 e5 10. b4 h6 11. b5 Na5 12. Nbd2 Be6 13. c4 a6 14. a4 axb5 15. axb5 b6 16. Bb2 Qd7 17. Ne1 f5 18. exf5 Nxf5 19. Bxa8 Rxa8 20. Nb3 Nd4 21. Bxd4 exd4 22. Nxa5 bxa5 23. Ng2 Qc7 24. Nf4 Bf7 25. Nd5 Qd8 26. Rfe1 Bxd5 27. cxd5 Qb6 28. Qe6+ Kh7 29. Qd7 Ra7 30. Qc6 Qd8 31. Re8 Qf6 32. b6 Rf7 33. Rf1 1-0

[Event "January 2 Late 2024"]
[Site "https://www.chess.com"]
[Date "2024.01.02"]
[Round "1"]
[White "Minina, Veronika"]
[Black "Yagupov, Igor"]
[Result "0-1"]
[Board "174"]
[TimeControl "180+1"]
[WhiteFideId "4174780"]
[BlackFideId "4113632"]
[WhiteElo "2286"]
[BlackElo "2617"]
[WhiteTeam "RUS"]
[BlackTeam "RUS"]
[WhiteClock "0:00:52"]
[BlackClock "0:00:44"]

1. Nf3 d5 2. g3 Bg4 3. Bg2 Nd7 4. O-O c6 5. c4 e6 6. cxd5 exd5 7. d3 Ngf6 8. Nc3 Bc5 9. h3 Bxf3 10. Bxf3 O-O 11. Bg2 Re8 12. e4 dxe4 13. dxe4 Ne5 14. Bg5 h6 15. Bxf6 Qxf6 16. Kh2 Rad8 17. Qe2 Nd3 18. f4 Qd4 19. Rad1 Rd7 20. Rf3 Red8 21. Bf1 Qg1# 0-1

[Event "January 2 Late 2024"]
[Site "https://www.chess.com"]
[Date "2024.01.02"]
[Round "1"]
[White "Denishev, Marat"]
[Black "Rodriguez Avila, Alvaro"]
[Result "1/2-1/2"]
[Board "175"]
[TimeControl "180+1"]
[WhiteFideId "24131563"]
[BlackFideId "24570249"]
[WhiteElo "2616"]
[BlackElo "2286"]
[WhiteTeam "FID"]
[BlackTeam "ESP"]
[WhiteClock "0:00:21"]
[BlackClock "0:00:06"]

1. d4 Nf6 2. Nf3 d5 3. Bg5 Ne4 4. Bf4 c5 5. c3 Qb6 6. Qb3 Nc6 7. Nbd2 Nxd2 8. Bxd2 Qxb3 9. axb3 cxd4 10. Nxd4 Nxd4 11. cxd4 e6 12. e3 Bd7 13. Bd3 Bd6 14. Ke2 Ke7 15. Ra5 a6 16. b4 Bc7 17. Rc5 Bb6 18. Rc2 Rac8 19. Rhc1 Rxc2 20. Rxc2 Rc8 21. Rxc8 Bxc8 22. b5 axb5 23. Bxb5 Bd7 24. Bd3 h6 25. g4 Bc7 26. h4 Bd6 27. f4 f6 28. Ba5 Bc6 29. Bb6 Kd7 30. Ba5 Ke7 31. h5 e5 32. dxe5 fxe5 33. f5 e4 34. Bc2 Be5 35. b3 Kf6 36. Bd8+ Kf7 37. Kf2 Bd6 38. Bh4 Be5 39. Bg3 Bc3 40. Bf4 Bf6 41. Bd6 Bc3 42. Kg3 Bd2 43. Kf4 d4 44. Bc5 Bxe3+ 45. Ke5 d3 46. Bxe3 dxc2 47. b4 Ba4 48. Kxe4 Bc6+ 49. Kf4 Kf6 50. Bd4+ Kf7 51. Bb2 Bb5 52. g5 hxg5+ 53. Kxg5 Bd3 54. Bc1 Be4 55. Bd2 Bd3 56. Kf4 Be2 57. Ke3 Bxh5 58. Kd3 Bd1 59. Ke4 Be2 60. Kf4 Bd1 61. Bc1 g6 62. Bd2 gxf5 63. Kxf5 Ke7 64. Ke4 Kd6 65. Kd4 Kc6 66. Kc3 Kb5 67. Bc1 Ka4 68. Bb2 b5 69. Bc1 Be2 70. Kxc2 Bc4 71. Kc3 Bf1 72. Be3 Bc4 73. Bd2 Bf1 74. Be3 Bc4 75. Bd2 Bf1 76. Be3 1/2-1/2

[Event "January 2 Late 2024"]
[Site "https://www.chess.com"]
[Date "2024.01.02"]
[Round "1"]
[White "Osmonbekov, Talaibek"]
[Black "Srinath, Rao S.V."]
[Result "1-0"]
[Board "176"]
[TimeControl "180+1"]
[WhiteFideId "2017253"]
[BlackFideId "5028876"]
[WhiteElo "2278"]
[BlackElo "2614"]
[WhiteTeam "USA"]
[BlackTeam "IND"]
[WhiteClock "0:01:19"]
[BlackClock "0:02:16"]

1. d4 Nf6 2. Nc3 e6 3. e4 d5 4. e5 Nfd7 5. Nce2 c5 6. c3 Nc6 7. f4 b5 8. Nf3 b4 9. g3 bxc3 10. bxc3 cxd4 11. cxd4 Bb4+ 12. Kf2 f6 13. Bh3 fxe5 14. dxe5 Qb6+ 15. Kg2 Nc5 16. Be3 Qa6 17. a3 Bxa3 18. Bxc5 Bxc5 19. Rxa6 Bxa6 20. Qa4 Bb7 21. Rc1 1-0

[Event "January 2 Late 2024"]
[Site "https://www.chess.com"]
[Date "2024.01.02"]
[Round "1"]
[White "Chor, Kevin"]
[Black "Eggleston, Thomas A"]
[Result "1-0"]
[Board "177"]
[TimeControl "180+1"]
[WhiteFideId "2090740"]
[BlackFideId "412139"]
[WhiteElo "2612"]
[BlackElo "2274"]
[WhiteTeam "USA"]
[BlackTeam "ENG"]
[WhiteClock "0:00:24"]
[BlackClock "0:00:00"]

1. e4 e6 2. d4 d5 3. Nd2 c5 4. exd5 Qxd5 5. Ngf3 cxd4 6. Bc4 Qd6 7. O-O Nf6 8. Nb3 Nc6 9. Nbxd4 Nxd4 10. Nxd4 Be7 11. Nb5 Qc6 12. Qe2 O-O 13. Bf4 Bd7 14. Rad1 Rfc8 15. b3 a6 16. Nd6 Rd8 17. a4 Be8 18. Nf5 Bf8 19. Nd4 Qe4 20. Be3 Nd5 21. Bd3 Qh4 22. Nf3 Qh5 23. Bd2 Bc6 24. Ne5 Qxe2 25. Bxe2 Be8 26. Bf3 f6 27. Nc4 Bc6 28. Ba5 Re8 29. Rfe1 Kf7 30. h3 b5 31. Bxd5 Bxd5 32. Nb6 Rad8 33. axb5 axb5 34. Nxd5 Rxd5 35. Rxd5 exd5 36. Rxe8 Kxe8 37. Kf1 Kd7 38. Ke2 b4 39. Bb6 Kc6 40. Bd4 Be7 41. Kf3 Kd6 42. Kg4 g6 43. f3 h5+ 44. Kf4 Ke6 45. Ke3 Kd6 46. g4 hxg4 47. fxg4 g5 48. Kd3 Kc6 49. c3 bxc3 50. Kxc3 Kb5 51. Bf2 Bd8 52. h4 gxh4 53. Bxh4 Be7 54. Kd4 Kb4 55. Kxd5 Kxb3 56. Ke6 1-0

[Event "January 2 Late 2024"]
[Site "https://www.chess.com"]
[Date "2024.01.02"]
[Round "1"]
[White "Vanek, Tomas"]
[Black "Luo, Terry"]
[Result "0-1"]
[Board "178"]
[TimeControl "180+1"]
[WhiteFideId "313459"]
[BlackFideId "30931045"]
[WhiteElo "2274"]
[BlackElo "2609"]
[WhiteTeam "CZE"]
[BlackTeam "USA"]
[WhiteClock "0:01:01"]
[BlackClock "0:00:42"]

1. e4 c5 2. Nc3 Nc6 3. g3 g6 4. Bg2 Bg7 5. d3 e6 6. h4 h5 7. Nh3 Nf6 8. Ng5 d5 9. exd5 exd5 10. Qe2+ Ne7 11. O-O O-O 12. Bf4 Nf5 13. Rfe1 Nd4 14. Qd2 Bg4 15. Re5 Nc6 16. Rxd5 Nxd5 17. Bxd5 Bxc3 18. Bxf7+ Rxf7 19. Qxc3 Nd4 20. Re1 Qd5 21. Nxf7 Kxf7 22. Re3 Ne2+ 23. Rxe2 Bxe2 24. Bh6 Rg8 25. Qd2 Bg4 26. Qf4+ Ke6 27. Bg5 Kd7 28. Qa4+ Qc6 29. Qc4 Re8 30. Qf7+ Kc8 31. Be3 Bh3 0-1

[Event "January 2 Late 2024"]
[Site "https://www.chess.com"]
[Date "2024.01.02"]
[Round "1"]
[White "rumo_a_3200"]
[Black "Dilanyan, Grigor"]
[Result "1-0"]
[Board "180"]
[TimeControl "180+1"]
[BlackFideId "13303570"]
[WhiteElo "2273"]
[BlackElo "2606"]
[BlackTeam "ARM"]
[WhiteClock "0:00:12"]
[BlackClock "0:01:14"]

1. e4 e5 2. Nf3 Nc6 3. d4 exd4 4. Bc4 Nf6 5. e5 d5 6. Bb5 Ne4 7. Nxd4 Bc5 8. Be3 O-O 9. Nxc6 bxc6 10. Bxc5 Nxc5 11. Bxc6 Rb8 12. Qxd5 Qxd5 13. Bxd5 Rxb2 14. Na3 Ba6 15. O-O-O Rb6 16. Nc4 Rb4 17. Ne3 Rfb8 18. Bb3 Re4 19. Rd5 Ne6 20. Rhd1 g6 21. Ra5 Be2 22. Rd2 Bb5 23. Rxa7 Rxe5 24. Bxe6 Rxe6 25. Rxc7 Ra6 26. c4 Ba4 27. Rb2 Rd8 28. Nd5 Re6 29. Kd2 Bc6 30. Kc3 Bxd5 31. cxd5 Rxd5 32. Rc8+ Kg7 33. Rc7 Ra5 34. Rc4 Ra3+ 35. Kd2 Rea6 36. Rcc2 h5 37. Rb3 Rxa2 38. Rxa2 Rxa2+ 39. Ke3 Ra6 40. Rd3 Kf6 41. Kf3 Ra5 42. Rb3 Ke6 43. Rb6+ Kf5 44. g3 f6 45. Kg2 g5 46. Kf3 g4+ 47. Kg2 Kg5 48. Rb4 f5 49. h4+ gxh3+ 50. Kxh3 Ra2 51. Kg2 Rc2 52. Rf4 Rc5 53. Rh4 Re5 54. f4+ Kf6 55. fxe5+ Kxe5 56. Rxh5 Kf6 57. Kf3 Kg6 58. Rh4 Kg5 59. Rf4 Kf6 60. Ra4 Kg5 61. Ra5 Kg6 62. Kf4 Kh6 63. Rxf5 Kg6 64. g4 Kh6 65. Rf6+ Kg7 66. Kf5 Kh7 67. g5 Kg8 68. g6 Kg7 69. Rf7+ Kg8 70. Ra7 Kf8 71. Kf6 Kg8 72. Ra8# 1-0

[Event "January 2 Late 2024"]
[Site "https://www.chess.com"]
[Date "2024.01.02"]
[Round "1"]
[White "Melian, Juan Sebastian"]
[Black "Souza, Adwilhans Luciano"]
[Result "1/2-1/2"]
[Board "181"]
[TimeControl "180+1"]
[WhiteFideId "3706575"]
[BlackFideId "2101793"]
[WhiteElo "2604"]
[BlackElo "2271"]
[WhiteTeam "PAR"]
[BlackTeam "BRA"]
[WhiteClock "0:00:03"]
[BlackClock "0:00:06"]

1. e4 e5 2. Bc4 Nc6 3. d3 Na5 4. Ne2 Nf6 5. O-O d6 6. Nbc3 Be7 7. a4 Nxc4 8. dxc4 O-O 9. Qd3 Nh5 10. Ng3 Nf4 11. Qf3 Bg5 12. Nce2 Nxe2+ 13. Qxe2 Bxc1 14. Raxc1 a5 15. Rcd1 b6 16. b3 f5 17. exf5 Bxf5 18. f4 exf4 19. Rxf4 Bg6 20. Rxf8+ Qxf8 21. Rf1 Qe8 22. Qd2 Qe5 23. Re1 Qc5+ 24. Kh1 Rf8 25. Rf1 Rxf1+ 26. Nxf1 Qe5 27. Kg1 Kf7 28. Ne3 c6 29. h3 Ke6 30. Ng4 Qe4 31. Ne3 d5 32. cxd5+ cxd5 33. Kf2 Kd6 34. c3 Kc5 35. b4+ Kc6 36. bxa5 bxa5 37. g3 Qd3 38. Qb2 Be4 39. c4 d4 40. Qb5+ Kd6 41. Qb6+ Ke7 42. Qc7+ Ke6 43. Qb6+ Ke7 44. Qc7+ Ke6 45. Qc8+ Ke7 46. Qc7+ 1/2-1/2

[Event "January 2 Late 2024"]
[Site "https://www.chess.com"]
[Date "2024.01.02"]
[Round "1"]
[White "Harish, Neeraj"]
[Black "Ambartsumova, Karina"]
[Result "0-1"]
[Board "182"]
[TimeControl "180+1"]
[WhiteFideId "30958130"]
[BlackFideId "4166299"]
[WhiteElo "2271"]
[BlackElo "2604"]
[WhiteTeam "USA"]
[BlackTeam "RUS"]
[WhiteClock "0:00:10"]
[BlackClock "0:00:49"]

1. e4 e5 2. Nf3 d5 3. Nxe5 Bd6 4. d4 dxe4 5. Nc4 Nf6 6. Nxd6+ Qxd6 7. c4 Nc6 8. Be3 O-O 9. Nc3 Bf5 10. Be2 Rad8 11. d5 Ne5 12. Qd4 a6 13. O-O-O Nd3+ 14. Bxd3 exd3 15. c5 Qd7 16. g4 Bxg4 17. Rxd3 Qf5 18. Rg1 Kh8 19. d6 cxd6 20. cxd6 Bh5 21. Bg5 Bg6 22. Rd2 Rd7 23. Bxf6 gxf6 24. Qd5 Qf4 25. Qd4 Qf5 26. Qg4 Rfd8 27. Qxf5 Bxf5 28. Rgd1 Bg4 29. Rg1 f5 30. f3 Bxf3 31. Rf1 Bg4 32. Ne4 0-1

[Event "January 2 Late 2024"]
[Site "https://www.chess.com"]
[Date "2024.01.02"]
[Round "1"]
[White "Sowa, Ryan"]
[Black "Kaganskiy, Gleb"]
[Result "1-0"]
[Board "183"]
[TimeControl "180+1"]
[WhiteFideId "30901693"]
[BlackFideId "4132025"]
[WhiteElo "2603"]
[BlackElo "2268"]
[WhiteTeam "USA"]
[BlackTeam "ISR"]
[WhiteClock "0:01:15"]
[BlackClock "0:00:00"]

1. Nf3 d5 2. b3 c5 3. Bb2 Nf6 4. g3 Nc6 5. Bg2 Qc7 6. d4 b6 7. O-O e6 8. Nbd2 Bb7 9. c4 Be7 10. cxd5 exd5 11. Rc1 O-O 12. Qc2 Nb4 13. Qb1 Qd8 14. dxc5 Bxc5 15. a3 Nc6 16. b4 Be7 17. Nb3 Ne4 18. Nbd4 Rc8 19. Qa1 Bf6 20. Rfd1 Re8 21. Nxc6 Bxc6 22. Bxf6 Qxf6 23. Qxf6 Nxf6 24. Nd4 Ba4 25. Re1 Ne4 26. Nf5 Rxc1 27. Rxc1 g6 28. Nd4 Re7 29. e3 Kg7 30. Kf1 Nd2+ 31. Ke2 Nc4 32. Bxd5 Nxa3 33. Ra1 Bb5+ 34. Kf3 Bc4 35. Bxc4 Nxc4 36. Nc6 Rc7 37. b5 Na5 38. Nxa5 bxa5 39. Rxa5 Rb7 40. Ke4 Kf6 41. Kd5 Rd7+ 42. Kc6 Rd2 43. Rxa7 Rxf2 44. b6 Rc2+ 45. Kd7 Rb2 46. Kc7 Rc2+ 47. Kd8 Rb2 48. b7 h5 49. Kc7 Rc2+ 50. Kb8 Kf5 51. Ka8 Ke4 52. b8=Q 1-0

[Event "January 2 Late 2024"]
[Site "https://www.chess.com"]
[Date "2024.01.02"]
[Round "1"]
[White "Delgado Kuffo, Andres"]
[Black "Silva, Caio Henrique Angelico"]
[Result "0-1"]
[Board "184"]
[TimeControl "180+1"]
[WhiteFideId "3600475"]
[BlackFideId "22777210"]
[WhiteElo "2267"]
[BlackElo "2601"]
[WhiteTeam "ECU"]
[BlackTeam "BRA"]
[WhiteClock "0:00:00"]
[BlackClock "0:00:10"]

1. e4 c6 2. d4 d5 3. Nc3 dxe4 4. Nxe4 Nd7 5. Bc4 Ngf6 6. Ng5 e6 7. Qe2 Nb6 8. Bb3 Be7 9. N1f3 h6 10. Ne4 Nbd7 11. Bf4 Nxe4 12. Qxe4 Nf6 13. Qe2 b6 14. O-O-O a5 15. a4 Ba6 16. Bc4 Bxc4 17. Qxc4 Qd5 18. Qxd5 cxd5 19. Ne5 Rc8 20. f3 Nd7 21. Nxd7 Kxd7 22. b3 Bb4 23. Bd2 Ba3+ 24. Kb1 Rc6 25. c3 Rb8 26. h4 b5 27. axb5 Rxb5 28. Ka2 Bd6 29. Ra1 Ra6 30. Rhb1 a4 31. b4 f6 32. Ka3 e5 33. Be3 Ke6 34. g4 Rb7 35. h5 Rc7 36. Kb2 Rc4 37. Ra3 exd4 38. Bxd4 Bxb4 39. cxb4 Rxb4+ 40. Kc2 Rxd4 41. Rb7 Rc6+ 42. Rc3 Rdc4 43. Rxc4 Rxc4+ 44. Kd3 Rf4 45. Ke3 Rc4 46. Rxg7 a3 47. Ra7 Rc3+ 48. Kf4 d4 49. Ke4 d3 50. Ke3 Rb3 51. f4 Kd5 52. Ra5+ Kc4 53. g5 fxg5 54. fxg5 hxg5 55. h6 Kb4 56. Ra7 d2+ 57. Kxd2 Rh3 58. h7 Kb3 59. Rb7+ Ka2 0-1

[Event "January 2 Late 2024"]
[Site "https://www.chess.com"]
[Date "2024.01.02"]
[Round "1"]
[White "Garcia, Erick"]
[Black "Lopez Del Alamo, Antonio"]
[Result "1-0"]
[Board "185"]
[TimeControl "180+1"]
[WhiteFideId "2058880"]
[BlackFideId "2227339"]
[WhiteElo "2601"]
[BlackElo "2263"]
[WhiteTeam "USA"]
[BlackTeam "ESP"]
[WhiteClock "0:01:46"]
[BlackClock "0:00:00"]

1. d4 Nf6 2. c4 g6 3. Nc3 Bg7 4. g3 O-O 5. Bg2 d6 6. Nf3 c6 7. O-O Qa5 8. e4 e5 9. d5 cxd5 10. cxd5 Bd7 11. Be3 Rc8 12. h3 b5 13. a3 Na6 14. Nd2 Qd8 15. Qe2 Rcb8 16. Rfc1 Nc5 17. b4 Na4 18. Nxa4 bxa4 19. Rab1 Bb5 20. Qd1 a6 21. Nc4 Ne8 22. Na5 Nc7 23. Nc6 Bxc6 24. Rxc6 Nb5 25. Qxa4 a5 26. bxa5 Nd4 27. Rxb8 Qxb8 28. Bxd4 exd4 29. a6 d3 30. Qd1 Qb5 31. Bf1 Qa5 32. Bxd3 Be5 33. Kg2 g5 34. Qc2 h6 35. Rc8+ Rxc8 36. Qxc8+ Kg7 37. Qc2 Qb6 38. a4 Bd4 39. Bb5 Qa7 40. Qe2 Qc5 41. f4 Qc1 42. fxg5 Qg1+ 43. Kf3 Qh1+ 44. Kg4 Qd1 45. Qxd1 1-0

[Event "January 2 Late 2024"]
[Site "https://www.chess.com"]
[Date "2024.01.02"]
[Round "1"]
[White "Bryant, Todd"]
[Black "Potapova, Margarita"]
[Result "1-0"]
[Board "186"]
[TimeControl "180+1"]
[WhiteFideId "2031299"]
[BlackFideId "14126869"]
[WhiteElo "2261"]
[BlackElo "2599"]
[WhiteTeam "USA"]
[BlackTeam "RUS"]
[WhiteClock "0:00:43"]
[BlackClock "0:00:02"]

1. e4 c5 2. Nf3 d6 3. d4 cxd4 4. Nxd4 Nf6 5. Nc3 a6 6. Bg5 e6 7. f4 h6 8. Bh4 Qb6 9. Qd2 Qxb2 10. Rb1 Qa3 11. e5 dxe5 12. fxe5 Nfd7 13. Ne4 Qxa2 14. Rd1 Qd5 15. Qe3 Qxe5 16. Bg3 Qa5+ 17. Rd2 Qa1+ 18. Rd1 Qa5+ 19. Rd2 Qa3 20. Bd3 Bb4 21. c3 Qc1+ 22. Kf2 Qxh1 23. cxb4 O-O 24. Bf1 f5 25. Nd6 f4 26. Qxe6+ Kh8 27. Nf7+ Rxf7 28. Qxf7 fxg3+ 29. hxg3 Nf6 30. Qf8+ Ng8 31. Bc4 Be6 32. Nxe6 1-0

[Event "January 2 Late 2024"]
[Site "https://www.chess.com"]
[Date "2024.01.02"]
[Round "1"]
[White "Grycel, Kamil"]
[Black "Dylag, Emilia"]
[Result "0-1"]
[Board "187"]
[TimeControl "180+1"]
[WhiteFideId "1115499"]
[BlackFideId "21805172"]
[WhiteElo "2595"]
[BlackElo "2261"]
[WhiteTeam "POL"]
[BlackTeam "POL"]
[WhiteClock "0:00:31"]
[BlackClock "0:00:10"]

1. d4 Nf6 2. Nf3 e6 3. Bf4 d5 4. e3 c5 5. c3 Bd6 6. Bg3 Qc7 7. Nbd2 Nbd7 8. Be2 b6 9. c4 Bb7 10. Rc1 O-O 11. cxd5 exd5 12. dxc5 bxc5 13. O-O Bxg3 14. hxg3 Rfe8 15. Qa4 Ne4 16. Rfd1 Rab8 17. Qa3 Re6 18. Nxe4 Rxe4 19. Nd2 Ree8 20. Nb3 c4 21. Bf3 Nb6 22. Nd4 a6 23. Qa5 Na8 24. Qxc7 Nxc7 25. b3 Ne6 26. bxc4 dxc4 27. Nxe6 fxe6 28. Rxc4 Bxf3 29. gxf3 Rb2 30. Ra4 Rc8 31. Rxa6 Rcc2 32. Rf1 Kf7 33. a4 Ra2 34. Ra7+ Kf6 35. a5 Rc5 36. a6 Rc6 37. Rd1 Rcxa6 38. Rad7 Rc6 39. R1d2 Rc1+ 40. Kg2 Rcc2 41. f4 Rxd2 42. Rxd2 Rxd2 43. Kf3 Rd7 44. g4 g5 45. fxg5+ Kxg5 46. Kg3 Kg6 47. f4 h5 48. Kf3 hxg4+ 49. Kxg4 Kf6 50. Kf3 e5 51. Ke4 exf4 52. exf4 Ra7 53. Kf3 Ra4 54. Kg4 Ra5 55. Kg3 Kf5 56. Kf3 Ra3+ 57. Kf2 Kxf4 58. Ke1 Ra2 59. Kd1 Ke3 60. Kc1 Kd3 61. Kb1 Rh2 62. Kc1 Rg2 63. Kb1 Kc3 64. Ka1 Kb3 65. Kb1 Rg1# 0-1

[Event "January 2 Late 2024"]
[Site "https://www.chess.com"]
[Date "2024.01.02"]
[Round "1"]
[White "Sarkar, Justin"]
[Black "Olenik Campa, Rudi"]
[Result "0-1"]
[Board "188"]
[TimeControl "180+1"]
[WhiteFideId "2010011"]
[BlackFideId "14633264"]
[WhiteElo "2260"]
[BlackElo "2592"]
[WhiteTeam "USA"]
[BlackTeam "SLO"]
[WhiteClock "0:00:00"]
[BlackClock "0:00:12"]

1. d4 Nf6 2. c4 g6 3. Nc3 Bg7 4. e4 d6 5. Nf3 O-O 6. Be2 e5 7. O-O Bg4 8. d5 a5 9. Ne1 Bd7 10. Nd3 Na6 11. f4 exf4 12. Bxf4 h6 13. e5 dxe5 14. Bxe5 Re8 15. Qd2 Kh7 16. Qf4 Bf5 17. g4 Bxd3 18. Bxd3 Rxe5 19. Qxe5 Nc5 20. Qe2 Qd6 21. Rae1 Re8 22. Qf3 Rxe1 23. Rxe1 Nxd3 24. Qxd3 Nxg4 25. Qg3 Qc5+ 26. Kg2 Nf6 27. b3 Nh5 28. Qe3 Bd4 29. Qd2 Bg7 30. Ne4 Qe7 31. Qe3 Qh4 32. Ng3 Nf4+ 33. Kh1 h5 34. Qf3 Nh3 35. Re4 Qg5 0-1

[Event "January 2 Late 2024"]
[Site "https://www.chess.com"]
[Date "2024.01.02"]
[Round "1"]
[White "Gubajdullin, Alexei"]
[Black "Fernandez Madrid, Carlos"]
[Result "1-0"]
[Board "189"]
[TimeControl "180+1"]
[WhiteFideId "4141202"]
[BlackFideId "2206030"]
[WhiteElo "2588"]
[BlackElo "2256"]
[WhiteTeam "RUS"]
[BlackTeam "ESP"]
[WhiteClock "0:00:49"]
[BlackClock "0:01:30"]

1. e4 g6 2. d4 Bg7 3. Nc3 d6 4. Be3 a6 5. Qd2 b5 6. Bd3 Nd7 7. h4 h5 8. O-O-O Nb6 9. Nh3 Bxh3 10. Rxh3 Nf6 11. f4 Ng4 12. Bg1 Nc4 13. Bxc4 bxc4 14. Qe2 O-O 15. Qxc4 c6 16. Qxc6 Qa5 17. Qa4 Qc7 18. Nd5 Qd8 19. Rb3 e6 20. Nb6 Ra7 21. g3 Qc7 22. d5 e5 23. Nc4 Raa8 24. Na5 exf4 25. gxf4 Qe7 26. Rh3 Qf6 27. e5 dxe5 28. Qc6 Qxf4+ 29. Kb1 e4 30. d6 Rab8 31. Nb3 e3 32. Qf3 Qe5 33. c3 e2 34. Re1 Qxd6 35. Qxe2 Rbe8 36. Qxe8 Rxe8 37. Rxe8+ Kh7 38. Nd4 Bxd4 39. Bxd4 Qc6 40. Rh8# 1-0

[Event "January 2 Late 2024"]
[Site "https://www.chess.com"]
[Date "2024.01.02"]
[Round "1"]
[White "Kappeler, Kaspar"]
[Black "Zomorrodian, Eilia"]
[Result "0-1"]
[Board "190"]
[TimeControl "180+1"]
[WhiteFideId "1309072"]
[BlackFideId "12551805"]
[WhiteElo "2251"]
[BlackElo "2586"]
[WhiteTeam "SUI"]
[BlackTeam "CAN"]
[WhiteClock "0:00:00"]
[BlackClock "0:02:18"]

1. c4 Nf6 2. Nf3 e6 3. g3 b6 4. Bg2 Bb7 5. O-O Be7 6. Nc3 O-O 7. Re1 Ne4 8. Nxe4 Bxe4 9. d3 Bb7 10. e4 c5 11. b3 d6 12. Bb2 Bf6 13. Bxf6 Qxf6 14. e5 dxe5 15. Nxe5 Bxg2 16. Kxg2 Rd8 17. Qf3 Qxf3+ 18. Kxf3 f6 19. Ng4 Rxd3+ 20. Ke2 Rd4 21. Ne3 Nc6 22. Rad1 Rad8 23. Rxd4 Nxd4+ 24. Kf1 Nf3 25. Rd1 Rxd1+ 26. Nxd1 Nxh2+ 27. Ke2 Ng4 28. Nc3 Ne5 0-1

[Event "January 2 Late 2024"]
[Site "https://www.chess.com"]
[Date "2024.01.02"]
[Round "1"]
[White "Andrews, Todd"]
[Black "Andersson, Bjorn 1971"]
[Result "1-0"]
[Board "191"]
[TimeControl "180+1"]
[WhiteFideId "2012456"]
[BlackFideId "1702114"]
[WhiteElo "2586"]
[BlackElo "2248"]
[WhiteTeam "USA"]
[BlackTeam "SWE"]
[WhiteClock "0:01:12"]
[BlackClock "0:00:05"]

1. d4 g6 2. c4 Bg7 3. Nf3 c5 4. d5 d6 5. Nc3 Na6 6. e4 Nc7 7. a4 Bg4 8. Be2 Bxf3 9. Bxf3 Nf6 10. O-O O-O 11. Bf4 Na6 12. e5 Ne8 13. Re1 Nb4 14. Qd2 a6 15. h4 e6 16. dxe6 fxe6 17. exd6 Rxf4 18. Qxf4 Nd3 19. Qe4 Nxe1 20. Qxe6+ Kh8 21. Rxe1 Qxd6 22. Bxb7 Rb8 23. Bd5 Qxe6 24. Rxe6 Nc7 25. Re2 Bd4 26. a5 Rd8 27. g3 Bxc3 28. bxc3 Rd7 29. Rb2 Nxd5 30. cxd5 Rxd5 31. Rb6 Rd3 32. Rxa6 Rxc3 33. Rc6 Kg7 34. Kf1 c4 35. Ke2 Ra3 36. a6 Ra2+ 37. Ke3 c3 38. Rc7+ Kh6 39. a7 c2 40. Kd2 Kh5 41. Rxh7+ Kg4 42. Rc7 Kf3 43. Rf7+ Kg2 44. g4 Kh3 45. h5 gxh5 46. gxh5 1-0

[Event "January 2 Late 2024"]
[Site "https://www.chess.com"]
[Date "2024.01.02"]
[Round "1"]
[White "Rose, Felix"]
[Black "Avramidou, Anastasia"]
[Result "0-1"]
[Board "192"]
[TimeControl "180+1"]
[WhiteFideId "5105722"]
[BlackFideId "4239873"]
[WhiteElo "2243"]
[BlackElo "2585"]
[WhiteTeam "MEX"]
[BlackTeam "GRE"]
[WhiteClock "0:00:29"]
[BlackClock "0:02:09"]

1. e4 g6 2. d4 Bg7 3. Nf3 d6 4. Nc3 a6 5. a4 b6 6. Be3 Bb7 7. h3 Nf6 8. Bd3 O-O 9. O-O Re8 10. Qd2 e5 11. d5 Nbd7 12. a5 b5 13. b4 Nh5 14. Ne2 f5 15. Bg5 Qc8 16. Nc3 Ndf6 17. Rfe1 Qd7 18. Bh6 Nf4 19. Rad1 Bxh6 0-1

[Event "January 2 Late 2024"]
[Site "https://www.chess.com"]
[Date "2024.01.02"]
[Round "1"]
[White "Shubenkova, Veronika"]
[Black "Slavin, Alexey"]
[Result "1-0"]
[Board "193"]
[TimeControl "180+1"]
[WhiteFideId "44124040"]
[BlackFideId "24104388"]
[WhiteElo "2584"]
[BlackElo "2243"]
[WhiteTeam "RUS"]
[BlackTeam "RUS"]
[WhiteClock "0:02:03"]
[BlackClock "0:00:30"]

1. e4 Nc6 2. d4 d6 3. d5 Ne5 4. c4 Nf6 5. Nc3 g6 6. f3 Bg7 7. Be3 O-O 8. Qd2 Re8 9. O-O-O c6 10. h3 cxd5 11. cxd5 a6 12. f4 Ned7 13. Nf3 b5 14. e5 Nh5 15. e6 fxe6 16. dxe6 Nf8 17. f5 gxf5 18. g4 Ng3 19. Rg1 Nxf1 20. Rdxf1 f4 21. Bd4 Nxe6 22. Bxg7 Nxg7 23. Qxf4 Rf8 24. Qh6 Rf6 25. Qh4 Qf8 26. Nd5 Rxf3 27. Nxe7+ Qxe7 28. Qxe7 Rxf1+ 29. Rxf1 Be6 30. Qxd6 Bxa2 31. h4 Rc8+ 32. Kd2 Bc4 33. Rf4 Ne6 34. Rxc4 Rd8 35. Rc8 1-0

[Event "January 2 Late 2024"]
[Site "https://www.chess.com"]
[Date "2024.01.02"]
[Round "1"]
[White "Brejnik, Gustav"]
[Black "Palczert, Matyas"]
[Result "0-1"]
[Board "194"]
[TimeControl "180+1"]
[WhiteFideId "362662"]
[BlackFideId "784958"]
[WhiteElo "2243"]
[BlackElo "2578"]
[WhiteTeam "CZE"]
[BlackTeam "HUN"]
[WhiteClock "0:00:11"]
[BlackClock "0:01:34"]

1. c4 Nf6 2. Nc3 e6 3. d4 c5 4. d5 exd5 5. cxd5 d6 6. e4 g6 7. f4 Bg7 8. Bb5+ Bd7 9. e5 dxe5 10. fxe5 Nh5 11. Nf3 O-O 12. Bxd7 Nxd7 13. g4 Nxe5 14. gxh5 Nxf3+ 15. Qxf3 Qh4+ 16. Kf1 Rfe8 17. Bf4 g5 18. Bg3 Qh3+ 19. Qg2 Qf5+ 20. Qf2 Qd3+ 21. Ne2 Bd4 22. Qg2 Re3 23. h4 Rae8 0-1

[Event "January 2 Late 2024"]
[Site "https://www.chess.com"]
[Date "2024.01.02"]
[Round "1"]
[White "Aggelis, Nikolaos"]
[Black "Doublekk14"]
[Result "1-0"]
[Board "195"]
[TimeControl "180+1"]
[WhiteFideId "4213220"]
[WhiteElo "2577"]
[BlackElo "2239"]
[WhiteTeam "GRE"]
[WhiteClock "0:01:04"]
[BlackClock "0:00:00"]

1. c4 e6 2. g3 Nf6 3. Bg2 d5 4. Nf3 c5 5. O-O Nc6 6. d4 cxd4 7. Nxd4 Be7 8. cxd5 exd5 9. Nc3 O-O 10. Bf4 h6 11. Rc1 Be6 12. Na4 Nxd4 13. Qxd4 Qd7 14. Nc5 Bxc5 15. Rxc5 Rfc8 16. Rfc1 Rc6 17. Rxc6 bxc6 18. Qc5 Rc8 19. b4 Ne4 20. Qd4 Nd6 21. e3 Nb5 22. Qc5 Ra8 23. Qxc6 Qxc6 24. Rxc6 Rd8 25. Bf1 Na3 26. Ra6 Nb1 27. Rxa7 Nd2 28. Be2 Rc8 29. Bc7 Ne4 30. b5 Nc3 31. Bd3 Bd7 32. b6 Bc6 33. Be5 1-0

[Event "January 2 Late 2024"]
[Site "https://www.chess.com"]
[Date "2024.01.02"]
[Round "1"]
[White "Perry, Patrick"]
[Black "Colas, Joshua"]
[Result "1-0"]
[Board "196"]
[TimeControl "180+1"]
[WhiteFideId "30917727"]
[BlackFideId "2044447"]
[WhiteElo "2223"]
[BlackElo "2577"]
[WhiteTeam "USA"]
[BlackTeam "USA"]
[WhiteClock "0:01:46"]
[BlackClock "0:01:40"]

1. e4 c5 2. d4 cxd4 3. Nf3 Nf6 4. e5 Nd5 5. Qxd4 e6 6. Bc4 Nc6 7. Qe4 Nb6 8. Bb3 d6 9. O-O dxe5 10. Nxe5 Nxe5 11. Qxe5 Qf6 12. Qxf6 gxf6 13. Nc3 Bd7 14. Be3 Bc6 15. a4 a6 16. Bxb6 Rg8 17. g3 h5 18. Rfe1 h4 19. Bd5 Bd7 20. Bg2 hxg3 21. hxg3 Bb4 22. a5 f5 23. Bxb7 Rb8 24. Bxa6 f4 25. Ne4 Ke7 26. c3 fxg3 27. cxb4 g2 28. Be2 f5 29. Ng3 f4 30. Kxg2 fxg3 31. fxg3 Rbc8 32. Bf3 Rc2+ 33. Re2 Rc4 1-0